[ AOE2 MATCH · #506277892 ]
UnrankedVikings vs Britons
Player's team · LOSS
Rival team · WIN
[ REPLAY ANALYSIS · EXTRACTED FROM THE RECORDED GAME ]
Feudal
10:27
Castle
19:59
Imperial
—
| APM avg | 64.7 |
| APM peak | 110 |
| eAPM avg | 42.5 |
| Villagers / military | 277 / 239 |
Focus
⚔️ 48.3% · 🌾 51.7%
Knight ×115 · Berserk ×60 · Battering Ram ×23 · Mangonel ×16 · Monk ×12 · Scorpion ×6
Feudal
13:13
Castle
19:29
Imperial
39:16
| APM avg | 75.0 |
| APM peak | 128 |
| eAPM avg | 38.4 |
| Villagers / military | 253 / 253 |
Focus
⚔️ 48.5% · 🌾 51.5%
Longbowman ×59 · Spearman ×54 · Cavalry Archer ×37 · Archer ×34 · Scout Cavalry ×34 · Knight ×14
Match map
Initial resources + every placement click. Lines = walls · curves = elevation contours. ◆ gold · ⬟ stone · ● berries · ✦ relic · ◌ wall gap
Your base· ✓ Closed at 19:59 · 44t walls · 2 gate(s)
Survivalist's base· Open — opponent sealed themselves in
Smoothed initial terrain · ◌ = detected wall gap · hover for details
Inputs per minute
— Ilum | Gordin Hood - - Survivalist
Build order — Ilum | Gordin Hood
First 150 of 696 actions detected
| 0:00 | Create | Villager (Male) |
| 0:00 | Create | Villager (Male) |
| 0:01 | Create | Villager (Male) |
| 0:01 | Create | Villager (Male) |
| 0:02 | Build | House |
| 0:02 | Build | House |
| 1:20 | Create | Villager (Male) |
| 1:56 | Build | Lumber Camp |
| 2:01 | Create | Villager (Male) |
| 2:01 | Create | Villager (Male) |
| 2:25 | Create | Villager (Male) |
| 2:25 | Create | Villager (Male) |
| 2:45 | Create | Villager (Male) |
| 2:45 | Create | Villager (Male) |
| 3:13 | Create | Villager (Male) |
| 3:13 | Create | Villager (Male) |
| 3:36 | Create | Villager (Male) |
| 3:36 | Create | Villager (Male) |
| 4:00 | Build | House |
| 4:04 | Create | Villager (Male) |
| 4:04 | Create | Villager (Male) |
| 4:24 | Create | Villager (Male) |
| 4:24 | Create | Villager (Male) |
| 4:29 | Create | Villager (Male) |
| 4:29 | Create | Villager (Male) |
| 4:58 | Create | Villager (Male) |
| 4:58 | Create | Villager (Male) |
| 4:59 | Create | Villager (Male) |
| 5:31 | Research | Loom |
| 5:35 | Build | Palisade Wall |
| 5:56 | Build | Mill |
| 5:57 | Build | Palisade Wall |
| 6:38 | Create | Villager (Male) |
| 6:45 | Build | Mill |
| 7:29 | Create | Villager (Male) |
| 7:32 | Build | House |
| 7:37 | Create | Villager (Male) |
| 8:15 | Research | Feudal Age |
| 8:15 | Research | Feudal Age |
| 8:49 | Build | Lumber Camp |
| 9:12 | Build | Palisade Gate |
| 9:35 | Create | Villager (Male) |
| 10:07 | Build | House |
| 10:22 | Build | Palisade Wall |
| 10:27 | Age | Feudal Age |
| 10:29 | Build | Palisade Wall |
| 10:29 | Build | Palisade Wall |
| 10:31 | Research | Double-Bit Axe |
| 10:31 | Research | Double-Bit Axe |
| 10:31 | Research | Horse Collar |
| 10:32 | Research | Horse Collar |
| 10:36 | Build | Farm |
| 10:38 | Build | Farm |
| 10:42 | Build | Palisade Wall |
| 10:49 | Create | Villager (Male) |
| 11:02 | Build | Palisade Gate |
| 11:06 | Create | Villager (Male) |
| 11:08 | Build | House |
| 11:17 | Build | Palisade Wall |
| 11:23 | Build | Farm |
| 11:27 | Create | Villager (Male) |
| 11:32 | Build | Palisade Wall |
| 11:37 | Build | Palisade Wall |
| 11:56 | Build | Farm |
| 11:58 | Build | Farm |
| 11:59 | Create | Villager (Male) |
| 11:59 | Create | Villager (Male) |
| 12:00 | Create | Villager (Male) |
| 12:10 | Build | Farm |
| 12:41 | Create | Villager (Male) |
| 12:43 | Build | Farm |
| 13:02 | Create | Villager (Male) |
| 13:08 | Create | Villager (Male) |
| 13:09 | Build | Farm |
| 13:10 | Build | Farm |
| 13:14 | Build | House |
| 13:16 | Create | Villager (Male) |
| 13:18 | Build | Farm |
| 13:21 | Build | Farm |
| 13:36 | Build | Farm |
| 13:42 | Create | Villager (Male) |
| 13:51 | Create | Villager (Male) |
| 13:59 | Build | Palisade Wall |
| 14:00 | Build | Palisade Wall |
| 14:01 | Build | Palisade Wall |
| 14:17 | Build | Palisade Wall |
| 14:30 | Build | Barracks |
| 14:48 | Build | Mining Camp |
| 14:49 | Create | Villager (Male) |
| 15:37 | Build | Archery Range |
| 15:41 | Create | Villager (Male) |
| 15:58 | Build | Blacksmith |
| 16:08 | Create | Villager (Male) |
| 16:19 | Build | Farm |
| 16:23 | Build | House |
| 16:25 | Build | House |
| 16:43 | Create | Skirmisher |
| 16:46 | Create | Villager (Male) |
| 16:54 | Create | Villager (Male) |
| 17:05 | Build | Palisade Wall |
| 17:08 | Create | Skirmisher |
| 17:10 | Research | Gold Mining |
| 17:10 | Research | Castle Age |
| 17:10 | Research | Castle Age |
| 17:42 | Research | Scale Barding Armor |
| 17:42 | Research | Scale Barding Armor |
| 17:58 | Build | Stable |
| 18:06 | Build | Stable |
| 18:08 | Build | Palisade Wall |
| 18:15 | Build | Stable |
| 18:19 | Build | Palisade Wall |
| 18:25 | Build | House |
| 18:35 | Create | Villager (Male) |
| 18:55 | Research | Forging |
| 19:47 | Build | House |
| 19:50 | Create | Scout Cavalry |
| 19:51 | Create | Scout Cavalry |
| 19:59 | Age | Castle Age |
| 20:02 | Build | Monastery |
| 20:03 | Create | Knight ×5 |
| 20:05 | Build | Palisade Wall |
| 20:06 | Build | Palisade Wall |
| 20:11 | Research | Chain Barding Armor |
| 20:14 | Research | Bow Saw |
| 20:15 | Research | Bow Saw |
| 20:15 | Create | Villager (Male) |
| 20:16 | Create | Villager (Male) |
| 20:34 | Create | Monk |
| 20:34 | Create | Monk |
| 20:36 | Build | House |
| 20:40 | Create | Knight |
| 20:40 | Create | Knight |
| 20:45 | Create | Villager (Male) |
| 20:45 | Create | Villager (Male) |
| 20:45 | Create | Villager (Male) |
| 20:46 | Build | Farm |
| 20:46 | Build | Farm |
| 21:14 | Build | Siege Workshop |
| 21:38 | Create | Villager (Male) |
| 21:53 | Create | Knight ×3 |
| 21:54 | Create | Knight ×3 |
| 21:55 | Create | Villager (Male) |
| 21:55 | Create | Villager (Male) |
| 22:08 | Create | Knight |
| 22:08 | Create | Villager (Male) |
| 22:09 | Create | Villager (Male) |
| 22:09 | Create | Villager (Male) |
| 22:11 | Build | Siege Workshop |
| 22:39 | Create | Monk |
| 22:47 | Build | House |
Build order — Survivalist
First 150 of 770 actions detected
| 0:00 | Create | Villager (Male) |
| 0:01 | Build | House |
| 0:02 | Build | House |
| 0:05 | Create | Villager (Male) |
| 0:06 | Create | Villager (Male) |
| 0:07 | Create | Villager (Male) |
| 1:24 | Create | Villager (Male) |
| 1:24 | Create | Villager (Male) |
| 1:43 | Create | Villager (Male) |
| 1:44 | Create | Villager (Male) |
| 1:59 | Create | Villager (Male) |
| 1:59 | Create | Villager (Male) |
| 2:24 | Create | Villager (Male) |
| 2:24 | Create | Villager (Male) |
| 2:42 | Build | Palisade Wall |
| 2:42 | Build | Palisade Wall |
| 2:43 | Build | Palisade Wall |
| 2:48 | Create | Villager (Male) |
| 3:22 | Build | Barracks |
| 3:27 | Create | Villager (Male) |
| 3:40 | Create | Villager (Male) |
| 3:42 | Build | House |
| 3:46 | Build | Palisade Wall |
| 3:47 | Build | Palisade Wall |
| 3:49 | Build | Palisade Wall |
| 3:54 | Create | Villager (Male) |
| 4:09 | Create | Villager (Male) |
| 4:31 | Create | Militia |
| 4:53 | Create | Militia |
| 4:53 | Create | Militia |
| 4:56 | Create | Villager (Male) |
| 5:10 | Build | Palisade Wall |
| 5:10 | Build | Palisade Wall |
| 5:11 | Build | Palisade Wall |
| 5:11 | Build | Palisade Wall |
| 5:11 | Build | Palisade Wall |
| 5:11 | Build | Palisade Wall |
| 5:12 | Build | Palisade Wall |
| 5:12 | Build | Palisade Wall |
| 5:12 | Build | Palisade Wall |
| 5:13 | Build | Palisade Wall |
| 5:13 | Build | Palisade Wall |
| 5:13 | Build | Palisade Wall |
| 5:14 | Build | Palisade Wall |
| 5:14 | Build | Palisade Wall |
| 5:14 | Build | Palisade Wall |
| 5:15 | Build | Palisade Wall |
| 5:15 | Build | Palisade Wall |
| 5:16 | Build | Palisade Wall |
| 5:21 | Create | Villager (Male) |
| 5:22 | Create | Militia |
| 5:24 | Build | House |
| 5:52 | Create | Villager (Male) |
| 5:57 | Build | Palisade Wall |
| 6:02 | Create | Villager (Male) |
| 6:21 | Create | Villager (Male) |
| 7:02 | Create | Villager (Male) |
| 7:16 | Create | Villager (Male) |
| 7:18 | Create | Villager (Male) |
| 7:34 | Build | Mill |
| 7:43 | Create | Militia |
| 7:50 | Build | House |
| 7:54 | Build | Lumber Camp |
| 8:28 | Create | Villager (Male) |
| 8:44 | Build | Farm |
| 8:45 | Build | Farm |
| 8:50 | Create | Militia |
| 9:03 | Create | Villager (Male) |
| 9:19 | Create | Villager (Male) |
| 9:29 | Build | Farm |
| 9:38 | Create | Villager (Male) |
| 9:50 | Create | Villager (Male) |
| 10:43 | Build | House |
| 11:03 | Research | Feudal Age |
| 11:25 | Build | Farm |
| 11:27 | Build | Farm |
| 13:08 | Create | Villager (Male) |
| 13:13 | Age | Feudal Age |
| 13:15 | Build | Mining Camp |
| 13:18 | Create | Villager (Male) |
| 13:20 | Research | Double-Bit Axe |
| 13:20 | Research | Double-Bit Axe |
| 13:23 | Build | Palisade Wall |
| 13:24 | Build | Palisade Wall |
| 13:34 | Build | Stable |
| 13:43 | Create | Villager (Male) |
| 13:57 | Build | House |
| 14:05 | Build | Palisade Wall |
| 14:06 | Build | Palisade Wall |
| 14:09 | Create | Villager (Male) |
| 14:13 | Build | Palisade Wall |
| 14:18 | Create | Scout Cavalry |
| 14:18 | Create | Scout Cavalry |
| 14:21 | Build | House |
| 14:25 | Build | Farm |
| 14:25 | Create | Spearman |
| 14:35 | Build | Farm |
| 14:37 | Build | Farm |
| 14:39 | Create | Scout Cavalry |
| 14:53 | Build | Farm |
| 15:05 | Create | Villager (Male) |
| 15:06 | Create | Villager (Male) |
| 15:07 | Build | Farm |
| 15:40 | Create | Villager (Male) |
| 15:45 | Build | Market |
| 15:57 | Research | Loom |
| 16:28 | Build | House |
| 16:49 | Research | Castle Age |
| 17:28 | Build | Archery Range |
| 17:30 | Build | Archery Range |
| 17:33 | Build | House |
| 17:36 | Build | House |
| 17:42 | Research | Horse Collar |
| 17:42 | Research | Horse Collar |
| 17:58 | Build | Farm |
| 18:05 | Build | Farm |
| 18:16 | Create | Villager (Male) |
| 18:26 | Build | Farm |
| 18:34 | Build | Blacksmith |
| 18:35 | Build | Farm |
| 19:18 | Research | Fletching |
| 19:29 | Age | Castle Age |
| 19:30 | Create | Cavalry Archer |
| 19:30 | Create | Cavalry Archer |
| 19:30 | Create | Cavalry Archer |
| 19:34 | Research | Bow Saw |
| 19:34 | Research | Bow Saw |
| 19:35 | Create | Cavalry Archer |
| 19:43 | Build | Town Center |
| 19:49 | Create | Villager (Male) |
| 19:51 | Create | Spearman |
| 19:53 | Create | Cavalry Archer |
| 19:53 | Create | Cavalry Archer |
| 20:02 | Create | Villager (Male) |
| 20:06 | Build | Monastery |
| 20:13 | Research | Bodkin Arrow |
| 20:14 | Create | Spearman |
| 20:19 | Create | Villager (Male) |
| 20:33 | Build | House |
| 20:35 | Build | House |
| 20:39 | Build | House |
| 20:42 | Create | Spearman |
| 20:45 | Build | House |
| 20:45 | Build | Palisade Wall |
| 20:49 | Create | Cavalry Archer |
| 20:50 | Create | Cavalry Archer |
| 20:52 | Create | Cavalry Archer |
| 20:52 | Create | Monk |
| 20:55 | Build | House |
| 20:56 | Build | House |
Match timeline
| 2:42 | Survivalist · wall_segment Palisade Wall x1 |
| 2:42 | Survivalist · wall_segment Palisade Wall x1 |
| 2:43 | Survivalist · wall_segment Palisade Wall x1 |
| 3:22 | Survivalist · first_building Barracks |
| 3:46 | Survivalist · wall_segment Palisade Wall x1 |
| 3:47 | Survivalist · wall_segment Palisade Wall x1 |
| 3:49 | Survivalist · wall_segment Palisade Wall x1 |
| 5:10 | Survivalist · wall_segment Palisade Wall x1 |
| 5:10 | Survivalist · wall_segment Palisade Wall x1 |
| 5:11 | Survivalist · wall_segment Palisade Wall x1 |
| 5:11 | Survivalist · wall_segment Palisade Wall x1 |
| 5:11 | Survivalist · wall_segment Palisade Wall x2 |
| 5:11 | Survivalist · wall_segment Palisade Wall x1 |
| 5:12 | Survivalist · wall_segment Palisade Wall x2 |
| 5:12 | Survivalist · wall_segment Palisade Wall x1 |
| 5:12 | Survivalist · wall_segment Palisade Wall x1 |
| 5:13 | Survivalist · wall_segment Palisade Wall x1 |
| 5:13 | Survivalist · wall_segment Palisade Wall x1 |
| 5:13 | Survivalist · wall_segment Palisade Wall x1 |
| 5:14 | Survivalist · wall_segment Palisade Wall x1 |
| 5:14 | Survivalist · wall_segment Palisade Wall x2 |
| 5:14 | Survivalist · wall_segment Palisade Wall x1 |
| 5:15 | Survivalist · wall_segment Palisade Wall x1 |
| 5:15 | Survivalist · wall_segment Palisade Wall x1 |
| 5:16 | Survivalist · wall_segment Palisade Wall x1 |
| 5:35 | Ilum | Gordin Hood · wall_segment Palisade Wall x4 |
| 5:57 | Survivalist · wall_segment Palisade Wall x1 |
| 5:57 | Ilum | Gordin Hood · wall_segment Palisade Wall x1 |
| 10:22 | Ilum | Gordin Hood · wall_segment Palisade Wall x7 |
| 10:27 | Ilum | Gordin Hood · age_up feudal |
| 10:29 | Ilum | Gordin Hood · wall_segment Palisade Wall x1 |
| 10:29 | Ilum | Gordin Hood · wall_segment Palisade Wall x1 |
| 10:42 | Ilum | Gordin Hood · wall_segment Palisade Wall x6 |
| 11:17 | Ilum | Gordin Hood · wall_segment Palisade Wall x1 |
| 11:32 | Ilum | Gordin Hood · wall_segment Palisade Wall x15 |
| 11:37 | Ilum | Gordin Hood · wall_segment Palisade Wall x1 |
| 13:13 | Survivalist · age_up feudal |
| 13:23 | Survivalist · wall_segment Palisade Wall x1 |
| 13:24 | Survivalist · wall_segment Palisade Wall x1 |
| 13:34 | Survivalist · first_building Stable |
| 13:59 | Ilum | Gordin Hood · wall_segment Palisade Wall x1 |
| 14:00 | Ilum | Gordin Hood · wall_segment Palisade Wall x1 |
| 14:01 | Ilum | Gordin Hood · wall_segment Palisade Wall x3 |
| 14:05 | Survivalist · wall_segment Palisade Wall x1 |
| 14:06 | Survivalist · wall_segment Palisade Wall x1 |
| 14:13 | Survivalist · wall_segment Palisade Wall x1 |
| 14:17 | Ilum | Gordin Hood · wall_segment Palisade Wall x1 |
| 14:30 | Ilum | Gordin Hood · first_building Barracks |
| 15:37 | Ilum | Gordin Hood · first_building Archery Range |
| 16:49 | Survivalist · first_market_sell 100 wood |
| 17:05 | Ilum | Gordin Hood · wall_segment Palisade Wall x1 |
| 17:28 | Survivalist · first_building Archery Range |
| 17:58 | Ilum | Gordin Hood · first_building Stable |
| 18:08 | Ilum | Gordin Hood · wall_segment Palisade Wall x1 |
| 18:19 | Ilum | Gordin Hood · wall_segment Palisade Wall x1 |
| 19:29 | Survivalist · age_up castle |
| 19:59 | Ilum | Gordin Hood · age_up castle |
| 20:02 | Ilum | Gordin Hood · first_building Monastery |
| 20:05 | Ilum | Gordin Hood · wall_segment Palisade Wall x1 |
| 20:06 | Ilum | Gordin Hood · wall_segment Palisade Wall x1 |
| 20:06 | Survivalist · first_building Monastery |
| 20:45 | Survivalist · wall_segment Palisade Wall x1 |
| 20:51 | Survivalist · first_market_buy 100 wood |
| 21:03 | Survivalist · wall_segment Palisade Wall x1 |
| 21:03 | Survivalist · wall_segment Palisade Wall x1 |
| 21:14 | Ilum | Gordin Hood · first_building Siege Workshop |
| 25:17 | Survivalist · first_building Siege Workshop |
| 29:00 | Ilum | Gordin Hood · wall_segment Palisade Wall x1 |
| 29:20 | Ilum | Gordin Hood · wall_segment Palisade Wall x1 |
| 29:21 | Ilum | Gordin Hood · wall_segment Palisade Wall x1 |
| 29:21 | Ilum | Gordin Hood · wall_segment Palisade Wall x1 |
| 33:38 | Survivalist · first_building Castle |
| 35:50 | Ilum | Gordin Hood · wall_segment Palisade Wall x1 |
| 37:08 | Ilum | Gordin Hood · first_market_sell 100 wood |
| 39:16 | Survivalist · age_up imperial |
| 43:58 | Ilum | Gordin Hood · first_market_buy 100 wood |
| 46:19 | Ilum | Gordin Hood · first_building Castle |
| 49:12 | Ilum | Gordin Hood · wall_segment Palisade Wall x1 |
| 53:13 | Ilum | Gordin Hood · resign |
[ AI ANALYSIS · 1 CREDIT ]
What really happened in this match?
Wolo.gg analyzes every decision: build order, eco, micro, common mistakes by bracket. Personalized analysis on WhatsApp or Discord in 30 seconds.
Civ guide
Vikings
Perfil
Jugador #17331610